 Dungeon Crawl Stone Soup version bcrawl-1.18.1 (webtiles) character file.

Game seed: 3544604566312557679

132 Revguard the Shield-Bearer (level 4, -7/38 HPs)
             Began as a Demigod Fighter on Nov 7, 2019.
             Killed by divine providence
             ... invoked by an orc priest
              (11 damage)
             ... on level 3 of the Dungeon.
             The game lasted 00:07:27 (2476 turns).

Revguard the Shield-Bearer (Demigod Fighter)        Turns: 2476, Time: 00:07:28

Health: -7/38      AC:  9    Str: 20    XL:     4   Next: 92%
Magic:  8/8        EV:  5    Int: 12    God:    Demigod [**....]
Gold:   215        SH: 11    Dex: 18    Spells: 3/3 levels left

rFire    . . .     SeeInvis +   a - +0 long sword
rCold    . . .     Gourm    .   c - +0 shield
rNeg     . . .     Faith    .   g - +0 chain mail
rPois    .         Spirit   .   (no helmet)
rElec    .         Reflect  .   (no cloak)
rCorr    .         Harm     .   (no gloves)
MR       .....                  (no boots)
Stlth    ..........             r - amulet of magic regeneration
HPRegen  0.12/turn              m - ring of see invisible
MPRegen  0.36/turn              (no ring)

@: no status effects
A: high mp 1
a: Temporal Distortion, Growth


You were on level 3 of the Dungeon.
You worshipped Demigod.
Demigod was pleased with you.
You were not hungry.

You visited 1 branch of the dungeon, and saw 3 of its levels.

You collected 215 gold pieces.

Inventory:

Hand Weapons
 a - a +0 long sword (weapon)
Missiles
 o - 2 throwing nets (quivered) {!f}
Armour
 b - a +0 scale mail
 c - a +0 shield (worn)
 g - a +0 chain mail (worn)
Jewellery
 m - a ring of see invisible (left hand)
 r - an amulet of magic regeneration (around neck)
Scrolls
 e - a scroll of teleportation
 i - a scroll of identify
 k - a scroll of blinking {unknown}
 n - 2 scrolls of enchant weapon {unknown}
 p - a scroll of remove curse {unknown}
 q - a scroll of amnesia {unknown}
Potions
 d - 2 potions of might
 h - a potion of lignification
 j - 2 potions of haste
Comestibles
 f - 8 rations {!d}
 l - 3 chunks of flesh


   Skills:
 + Level 3.1 Fighting
 + Level 2.8 Long Blades
 + Level 3.1 Armour
 + Level 0.5 Dodging
 + Level 3.5 Shields
 * Level 2.1 Invocations


You had 3 spell levels left.
You didn't know any spells.
Your spell library was empty.

Dungeon Overview and Level Annotations

Branches:
Dungeon (3/12)


Innate Abilities, Weirdness & Mutations

You have an increased reservoir of magic. (+10% MP)


Message History

You are too injured to fight recklessly!
You are too injured to fight recklessly!
You are too injured to fight recklessly!
You are too injured to fight recklessly!
You are too injured to fight recklessly!
You are too injured to fight recklessly!
You are too injured to fight recklessly!
You are too injured to fight recklessly!
You are too injured to fight recklessly!
You are too injured to fight recklessly!
You barely miss the orc. The orc barely misses you.
You closely miss the orc.
The orc priest mumbles some strange prayers to Beogh against you.
Beogh smites you!
* * * LOW HITPOINT WARNING * * *
The orc barely misses you.
The orc priest mumbles some strange prayers to Beogh against you.
Beogh smites you!
You die...
Your divinity fades.

#.# #..†..#
..# #####.#
### #.# #.#
#.# #.#
##### #.#
#####.##
##...###.#
#.o)oo.#
###.>......#
#@###.##
#.†.....####
#.#
#.#)....#
#####.####
#.##...##
#........#
#.######
#.###.##.#
#.# #.# #.#
# #.# #.#
#.# #.#
######.###.#
..#
#..........#


You could see an orc priest and 2 orcs.

Vanquished Creatures
  An orc priest (D:3)
  2 adders (D:3)
  2 worms
  A dart slug (D:2)
  4 leopard geckos
  5 orcs
  3 giant cockroaches
  7 hobgoblins
  4 jackals (D:2)
  3 quokkas
  3 ball pythons
  5 bats
  3 frilled lizards
  6 goblins
  11 kobolds
  5 rats
65 creatures vanquished.

Notes
Turn   | Place    | Note
-------+----------+-------------------------------------------
     0 | D:1      | Revguard the Demigod Fighter began the quest for the Orb.
     0 | D:1      | Reached XP level 1. HP: 18/18 MP: 3/3
   175 | D:1      | Reached XP level 2. HP: 25/25 MP: 4/4
   367 | D:1      | Reached skill level 1 in Invocations
   772 | D:1      | Reached * piety under Demigod
   839 | D:2      | Reached XP level 3. HP: 30/30 MP: 6/6
  1614 | D:2      | Found a white marble altar of Elyvilon.
  1895 | D:3      | Reached XP level 4. HP: 36/38 MP: 7/7
  2209 | D:3      | Reached ** piety under Demigod
  2476 | D:3      | Killed from afar by an orc priest

Skill      XL: |  1  2  3  4 |
---------------+-------------+-----
Invocations    | 1 2 |  2.1
Shields        | 3 |  3.5
Long Blades    | 2 |  2.8
Fighting       | 3 |  3.1
Armour         | 3 |  3.1
Dodging        | |  0.5

Action                   |  1- 3 |  4- 6 || total
-------------------------+-------+-------++-------
Melee: Long sword        |   161 |    60 ||   221
  Use: Scroll            |     5 |     2 ||     7
       Potion            |       |     1 ||     1
  Eat: Chunk             |     3 |     2 ||     5
Armor: Scale mail        |    52 |       ||    52
       Chain mail        |    13 |    22 ||    35
Dodge: Dodged            |    57 |    15 ||    72
Block: Shield            |   115 |    33 ||   148
